 Dungeon Crawl Stone Soup version 0.24-a0-312-g16217b4 (webtiles) character file.

Game seed: 6634816939708242434

1652 MisterFreud the Ducker (level 9, -14/53 HPs)
             Began as an Octopode Transmuter on May 15, 2019.
             Was a Follower of Cheibriados.
             Demolished by an orc knight
             ... wielding a +0 broad axe
              (27 damage)
             ... in a bailey.
             The game lasted 00:13:32 (7289 turns).

MisterFreud the Ducker (Octopode Transmuter)        Turns: 7289, Time: 00:13:32

Health: -14/53     AC:  2    Str: 13    XL:     9   Next: 0%
Magic:  11/15      EV: 17    Int: 21    God:    Cheibriados [*.....]
Gold:   277        SH:  0    Dex: 15    Spells: 10/16 levels left

rFire    . . .     SeeInvis .     - Unarmed
rCold    + . .     Gourm    .   (no shield)
rNeg     + . .     Faith    .   h - +1 hat
rPois    .         Spirit   .   o - amulet of rage
rElec    .         Reflect  .   d - ring of stealth
rCorr    .         Harm     .   m - ring "Jaevitos" {rC+ rN+}
MR       .....                  (no ring)
Stlth    ++++......             (no ring)
HPRegen  0.17/turn              (no ring)
MPRegen  0.14/turn              (no ring)
                                (no ring)
                                (no ring)

@: very slightly contaminated, very slow
A: almost no armour, stealthy swim, amphibious, 8 rings, constrict 8, camouflage
1, gelatinous body 1
a: Bend Time, Renounce Religion, Evoke Berserk Rage


You were in a bailey.
You worshipped Cheibriados.
Cheibriados was aware of your devotion.
You were not hungry.

You visited 2 branches of the dungeon, and saw 8 of its levels.
You also visited: Bailey.

You collected 277 gold pieces.

Inventory:

Missiles
 a - 102 arrows
 e - 258 stones (quivered)
 g - 59 sling bullets
 i - 69 bolts
 j - 11 poisoned darts
Armour
 h - a +1 hat (worn)
Jewellery
 d - a ring of stealth (left tentacle)
 m - the ring "Jaevitos" (right tentacle) {rC+ rN+}
   (You found it on level 4 of the Dungeon)

   [ring of protection from cold]

   It protects you from cold.
   It protects you from negative energy.
 o - an amulet of rage (around mantle)
Wands
 u - a wand of digging (4)
Scrolls
 f - a scroll of enchant armour
 n - 4 scrolls of teleportation
 s - 2 scrolls of magic mapping
 t - a scroll of fog
 y - 3 scrolls of identify
Potions
 b - 3 potions of might
 k - a potion of cancellation
 l - 2 potions of ambrosia
 p - a potion of mutation
 q - a potion of curing
 r - a potion of flight
 v - 2 potions of brilliance
 w - a potion of berserk rage {unknown}
 x - a potion of haste {unknown}
Comestibles
 c - 5 rations


   Skills:
 - Level 1.0 Fighting
 + Level 7.0 Dodging
 - Level 6.1 Unarmed Combat
 - Level 4.0 Spellcasting
 - Level 6.1 Transmutations


You had 10 spell levels left.
You knew the following spells:

 Your Spells              Type           Power        Failure   Level  Hunger
a - Beastly Appendage     Tmut           ####..       1%          1    None
b - Sticks to Snakes      Tmut           ####....     1%          2    #......
c - Spider Form           Tmut/Pois      ###.......   11%         3    ###....

Your spell library contained the following spells:

 Spells                   Type           Power        Failure   Level  Hunger
 Blade Hands              Tmut           ####......   26%         5    ######.
 Ice Form                 Ice/Tmut       ###.....     34%         4    ####...


Dungeon Overview and Level Annotations

Branches:
Dungeon (7/15)             Temple (1/1) D:4

Altars:
Cheibriados
Dithmenos
Elyvilon
Fedhas
Gozag
Hepliaklqana
Kikubaaqudgha
Makhleb
Nemelex Xobeh
Qazlal
Ru
Sif Muna
Trog
Uskayaw
Vehumet
Xom
Yredelemnul


Innate Abilities, Weirdness & Mutations

You cannot wear most types of armour.
You are very stealthy in the water. (Stealth+)
You are amphibious.
You can wear up to eight rings at the same time.
You can use your tentacles to constrict eight enemies at once.
Your skin changes colour to match your surroundings (Stealth+).
Your rubbery body absorbs attacks. (AC +1, EV +1)


Message History

The orc knight closely misses you.
You hit the orc knight but do no damage.
The orc knight looks as sick as possible!
The orc knight is heavily wounded.
You hit the orc knight but do no damage.
The orc knight is heavily wounded.
The orc knight hits you with a +0 broad axe!!
Ouch! That really hurt!
* * * LOW HITPOINT WARNING * * *
You are too injured to fight recklessly!
There is an open door here.
You enter the shallow water.
Moving in this stuff is going to be slow.
The orc knight closely misses you.
You cannot enter water in your current form.
Your transformation has ended.
Your +1 hat unmelds from your body.
The orc knight hits you with a +0 broad axe!!
Ouch! That really hurt!
You die...

#≈≈≈≈≈≈≈≈≈≈≈≈≈≈≈≈≈≈
#≈≈≈≈≈≈≈≈≈≈≈≈≈≈≈≈≈≈≈
#≈≈≈≈≈≈≈≈≈≈≈≈≈≈≈≈≈≈≈
#≈≈≈≈≈≈≈≈≈≈≈≈≈≈≈≈≈≈≈
#≈≈≈≈≈≈≈≈≈≈≈≈≈≈≈≈≈≈≈
#≈≈≈≈≈≈≈≈≈≈≈≈≈≈≈≈≈≈≈
#≈≈≈≈≈≈≈≈≈≈≈≈≈≈≈≈≈≈≈
#≈≈≈≈≈≈≈≈≈≈≈≈≈≈≈≈≈≈≈
#≈≈≈≈≈######@≈≈≈≈≈≈≈
#≈≈≈≈≈# #.go........
#≈≈≈≈≈# #..#######+#
#≈≈≈≈≈#....#
#≈≈≈≈≈#....#
#≈≈≈≈≈######
#≈≈≈≈≈≈.#
#####.≈≈≈≈≈.#
......≈≈≈≈≈.#


You could see an orc knight and a goblin.

Vanquished Creatures
  A wyvern (D:6)
  Menkaure (D:4)
  A water moccasin (D:6)
  An ice beast (D:6)
  2 ogres
  A centaur (D:5)
  A phantom (D:5)
  A bullfrog (D:6)
  A scorpion (D:4)
  3 killer bees (D:7)
  2 electric eels (Bailey)
  2 crimson imps
  An orc priest (D:3)
  A jelly (D:5)
  3 orc wizards
  A bullfrog skeleton (D:5)
  4 worker ants (D:4)
  Natasha (thrice) (D:4)
  A howler monkey skeleton (D:4)
  6 adders
  A shadow imp (D:6)
  An ooze (D:4)
  3 worms
  A dart slug (D:1)
  2 leopard geckos
  13 orcs
  2 ball pythons
  10 bats
  6 giant cockroaches
  6 goblins
  8 hobgoblins
  5 jackals (D:7)
  5 kobolds
  A quokka (D:6)
  6 frilled lizards
  A giant cockroach zombie (D:6)
  A leopard gecko zombie (D:5)
  11 rats
120 creatures vanquished.

Vanquished Creatures (collateral kills)
  An adder (D:2)
  An orc (D:3)
2 creatures vanquished.

Vanquished Creatures (others)
  A shadow imp (D:7)
1 creature vanquished.

Grand Total: 123 creatures vanquished

Notes
Turn   | Place    | Note
-------+----------+-------------------------------------------
     0 | D:1      | MisterFreud the Octopode Transmuter began the quest for the
                  | Orb.
     0 | D:1      | Reached XP level 1. HP: 13/13 MP: 3/3
   138 | D:1      | Reached XP level 2. HP: 14/18 MP: 5/5
   274 | D:1      | Reached XP level 3. HP: 21/23 MP: 6/6
  1582 | D:2      | Reached XP level 4. HP: 22/28 MP: 6/8
  1586 | D:2      | Learned a level 2 spell: Sticks to Snakes
  1590 | D:2      | Learned a level 3 spell: Spider Form
  2355 | D:3      | Reached XP level 5. HP: 24/33 MP: 9/9
  2860 | D:3      | Reached skill level 5 in Transmutations
  3289 | D:4      | Reached XP level 6. HP: 35/38 MP: 11/11
  3613 | D:4      | Noticed Natasha
  3621 | D:4      | Killed Natasha
  3668 | D:4      | Noticed Natasha
  3678 | D:4      | Killed Natasha
  4077 | D:4      | Noticed Natasha
  4087 | D:4      | Killed Natasha
  4087 | D:4      | Reached XP level 7. HP: 29/43 MP: 7/13
  4170 | D:4      | Noticed Menkaure
  4186 | D:4      | Killed Menkaure
  4191 | D:4      | Reached skill level 3 in Dodging
  4607 | D:4      | Got an ancient copper ring
  4608 | D:4      | Identified the ring "Jaevitos" {rC+ rN+} (You found it on
                  | level 4 of the Dungeon)
  4625 | D:4      | Found a staircase to the Ecumenical Temple.
  4634 | Temple   | Entered the Ecumenical Temple
  4661 | Temple   | Became a worshipper of Cheibriados the Contemplative
  4947 | D:5      | Entered Level 5 of the Dungeon
  5398 | D:5      | Reached skill level 4 in Dodging
  5529 | D:5      | Reached XP level 8. HP: 38/48 MP: 10/14
  5844 | D:6      | Noticed a wyvern
  5857 | D:6      | Killed a wyvern
  5857 | D:6      | Reached skill level 5 in Unarmed Combat
  6098 | D:6      | Reached skill level 5 in Dodging
  6293 | D:6      | Reached * piety under Cheibriados
  6755 | D:6      | Reached skill level 6 in Dodging
  6962 | D:7      | Found a flagged portal.
  6969 | Bailey   | Entered a bailey
  7127 | Bailey   | Reached skill level 7 in Dodging
  7127 | Bailey   | Reached XP level 9. HP: 30/53 MP: 15/15
  7271 | Bailey   | Noticed an orc knight
  7289 | Bailey   | Demolished by an orc knight

Levels and vault maps discovered:
D:1:      roderic_crop_circles_arrival_small, layout_basic, serial_forest,
          infiniplex_forest_clump_small, infiniplex_forest_lined_3,
          infiniplex_forest_lined_3, infiniplex_forest_lined_2,
          infiniplex_forest_end_1, infiniplex_forest_end_double
D:2:      layout_basic
D:3:      layout_basic, minmay_misc_feat_ornament
D:4:      layout_loops_ring, lemuel_temple_firewalk_b, minmay_distorted,
          uniq_menkaure, uniq_natasha
D:5:      layout_basic, first_ration, kennysheep_minor_cross,
          lemuel_old_faithful
D:6:      minmay_cornered_nines, layout_basic, portal_sewer_entry_e
D:7:      layout_basic, enter_bailey_2, minivault_14, serial_bayou_crossing,
          uniq_prince_ribbit1, uniq_harold
Temple:   nicolae_temple_the_god_donut
Bailey:   bailey_axe_of_yendor_kennysheep, bailey

Skill      XL: |  1  2  3  4  5  6  7  8 |
---------------+-------------------------+-----
Transmutations | 3 4 5 6 |  6.1
Spellcasting   | 3 4 |  4.0
Dodging        | 4 7 |  7.0
Unarmed Combat | 4 6 |  6.1
Fighting       | |  1.0

Action                   |  1- 3 |  4- 6 |  7- 9 || total
-------------------------+-------+-------+-------++-------
Melee: Unarmed           |    79 |   116 |   170 ||   365
       Constrict         |    23 |    28 |    17 ||    68
       Tentacles         |    16 |    24 |    20 ||    60
       Kick              |     5 |    10 |     2 ||    17
       Punch             |       |     2 |     3 ||     5
 Cast: Beastly Appendage |     5 |     5 |     1 ||    11
       Sticks to Snakes  |       |     3 |       ||     3
       Spider Form       |       |     4 |    10 ||    14
 Abil: End Transformatio |       |       |     1 ||     1
  Use: Scroll            |       |    10 |     7 ||    17
 Stab: Sleeping          |    10 |     7 |     6 ||    23
  Eat: Chunk             |     2 |     8 |     7 ||    17
       Ration            |       |       |     1 ||     1
Armor: Skin              |    10 |    14 |     3 ||    27
Dodge: Dodged            |    46 |    73 |   161 ||   280

Table legend:
 A = Non-vault XP
 B = Vault XP
 C = Vault XP percentage of total XP
 D = Non-vault monster count
 E = Vault monster count
 F = Vault count percentage of total count
                 A         B        C        D         E       F
            +---------+---------+-------+---------+---------+-------
      Total |    1694 |     666 |  28.2 |     116 |       6 |   4.9
            +---------+---------+-------+---------+---------+-------
        D:1 |      43 |       0 |   0.0 |      25 |       0 |   0.0
        D:2 |     115 |       0 |   0.0 |      22 |       0 |   0.0
        D:3 |     155 |       0 |   0.0 |      23 |       0 |   0.0
        D:4 |     381 |     210 |  35.5 |      15 |       2 |  11.8
        D:5 |     328 |       0 |   0.0 |       8 |       0 |   0.0
        D:6 |     459 |     350 |  43.3 |      14 |       2 |  12.5
        D:7 |     213 |       0 |   0.0 |       9 |       0 |   0.0
     Bailey |       0 |     106 | 100.0 |       0 |       2 | 100.0
            +---------+---------+-------+---------+---------+-------
